 Dungeon Crawl Stone Soup version 0.22-a0-322-g60b3cfd (webtiles) character file.

99 JeffiDaFish the Covered (level 4, 0/28 HPs)
             Began as a Gargoyle Fighter on Apr 4, 2018.
             Slain by an orc priest
             ... wielding a +0 short sword
              (2 damage)
             ... on level 3 of the Dungeon.
             The game lasted 00:03:08 (1990 turns).

JeffiDaFish the Covered (Gargoyle Fighter)          Turns: 1990, Time: 00:03:09

Health: 0/28       AC: 15    Str: 22 (25) XL:     4   Next: 72%
Magic:  4/4        EV:  4    Int:  9      God:
Gold:   185        SH:  9    Dex:  9      Spells: 3/3 levels left

rFire    + . .     SeeInvis .   a - +0 flail
rCold    . . .     Gourm    .   c - +0 shield
rNeg     + . .     Faith    .   e - +0 plate armour
rPois    ∞         Spirit   .   (no helmet)
rElec    +         Reflect  .   (no cloak)
rCorr    .         Harm     .   (no gloves)
MR       .....                  (no boots)
Stlth    ..........             (no amulet)
HPRegen  0.09/turn              j - ring of protection from fire
MPRegen  0.09/turn              (no ring)

@: mighty
A: negative energy resistance 1, electricity resistance, unbreathing,
petrification resistance, rot immunity, AC +3
a: no special abilities


You were on level 3 of the Dungeon.
You were not hungry.

You visited 1 branch of the dungeon, and saw 3 of its levels.

You collected 185 gold pieces.

Inventory:

Hand Weapons
 a - a +0 flail (weapon)
Armour
 c - a +0 shield (worn)
 e - a +0 plate armour (worn)
Jewellery
 j - a ring of protection from fire (left hand)
Scrolls
 b - 4 scrolls of remove curse
 i - 2 scrolls of identify
Potions
 d - 3 potions of might
 h - a potion of magic
Comestibles
 f - 2 rations
 g - 6 chunks of flesh


   Skills:
 + Level 3.6 Fighting
 + Level 2.7 Maces & Flails
 * Level 4.3 Armour
 * Level 4.2 Shields


You had 3 spell levels left.
You didn't know any spells.

Dungeon Overview and Level Annotations

Branches:
Dungeon (3/15)

Altars:
Cheibriados
Trog
Vehumet


Innate Abilities, Weirdness & Mutations

You are resistant to torment.
Your stone body is resilient. (AC +3)
You are immune to poison.
You resist negative energy. (rN+)
You are resistant to electric shocks. (rElec)
You can survive without breathing.
You are immune to petrification.
You are immune to rotting.


Message History

You sock the orc!
You kill the orc!
Your plate armour prevents you from hitting the orc priest.
The orc priest is lightly wounded.
The orc priest hits you but does no damage.
You hit the orc priest but do no damage.
The orc priest is lightly wounded.
The orc priest hits you but does no damage. x2
You hit the orc priest.
The orc priest is heavily wounded.
The orc priest looks braver for a moment.
Your shield and plate armour prevent you from hitting the orc priest.
The orc priest is heavily wounded.
The orc priest hits you with a short sword.
* * * LOW HITPOINT WARNING * * *
Your plate armour prevents you from hitting the orc priest.
The orc priest is heavily wounded.
You block the orc priest's attack.
The orc priest hits you with a short sword.
You die...

...### #....#
..## .# #.##.#
.## #.# #.##.# ##
#.# #.##.# .# #.#
#.##.# .# #.#
#.##.# .# #.#
#.##.# .#
#.########.###
#.##.# ##
#..oo{o@.....#
#.#
##########.#.#
#.# #.#.# #.#
#.#.### #.#
#.#.#.. #.#
#.#.#.# #.#
#.#.#.# #.#
#.#.#.# #.#
.#####.#!#.####.#


You could see an orc priest and 2 orcs.

Vanquished Creatures
  Terence (D:2)
  2 adders (D:3)
  A dart slug (D:1)
  An orc (D:3)
  5 giant cockroaches
  7 goblins
  7 hobgoblins
  6 jackals (D:3)
  5 kobolds
  3 bats
  A frilled lizard (D:2)
  8 rats
47 creatures vanquished.

Notes
Turn   | Place    | Note
-------+----------+-------------------------------------------
     0 | D:1      | JeffiDaFish the Gargoyle Fighter began the quest for the Orb.
     0 | D:1      | Reached XP level 1. HP: 14/14 MP: 1/1
   166 | D:1      | Reached XP level 2. HP: 18/19 MP: 2/2
   597 | D:1      | Reached XP level 3. HP: 9/23 MP: 3/3
  1144 | D:2      | Noticed Terence
  1158 | D:2      | Killed Terence
  1164 | D:2      | Reached XP level 4. HP: 28/28 MP: 4/4
  1548 | D:3      | Found a snail-covered altar of Cheibriados.
  1575 | D:3      | Found a bloodstained altar of Trog.
  1756 | D:3      | Found a radiant altar of Vehumet.
  1990 | D:3      | Slain by an orc priest

Vault maps used:
D:1:      lightli_arrival_lavapool, minmay_ruptured
D:2:      uniq_terence
D:3:      lemuel_round_altar, lemuel_crystal_altar, vehumet_crystals

Skill      XL: |  1  2  3  4 |
---------------+-------------+-----
Armour         | 4 |  4.3
Shields        | 4 |  4.2
Fighting       | |  3.6
Maces & Flails | |  2.7

Action                   |  1- 3 |  4- 6 || total
-------------------------+-------+-------++-------
Melee: Flail             |   123 |   110 ||   233
  Use: Potion            |     3 |     4 ||     7
       Scroll            |     2 |     2 ||     4
  Eat: Chunk             |     1 |     3 ||     4
Armor: Scale mail        |    13 |       ||    13
       Plate armour      |    51 |    97 ||   148
Dodge: Dodged            |    22 |    12 ||    34
Block: Shield            |    66 |    61 ||   127

Table legend:
 A = Spawn XP
 B = Non-spawn XP
 C = Spawn XP percentage of total XP
 D = Spawn monster count
 E = Non-spawn monster count
 F = Spawn count percentage of total count
 G = Total turns spent on level
                    A         B        C        D         E        F      G
               +---------+---------+-------+---------+---------+-------+---------
         Total |       0 |     142 |   0.0 |       0 |      47 |   0.0 |  1990
               +---------+---------+-------+---------+---------+-------+---------
           D:1 |       0 |      40 |   0.0 |       0 |      23 |   0.0 |  1053
           D:2 |       0 |      47 |   0.0 |       0 |       7 |   0.0 |   449
           D:3 |       0 |      55 |   0.0 |       0 |      17 |   0.0 |   488
               +---------+---------+-------+---------+---------+-------+---------
